 Dungeon Sprint DCSS version 0.29-a0-222-g5b244fca1f (webtiles) character file.

Game seed: 17128984363318922195

242 mhtbhm the Spear-Bearer (level 5, -7/79 HPs)
             Began as a Draconian Berserker on Feb 27, 2022.
             Was a Priest of Trog.
             Mangled by a fire elemental (8 damage)
             ... summoned by a deep elf pyromancer
             ... in the Dungeon (Sprint III: "The Ten Rune Challenge").
             The game lasted 00:00:50 (415 turns).

mhtbhm the Spear-Bearer (Draconian Berserker)        Turns: 415, Time: 00:00:50

Health: -7/79      AC:  6    Str: 21    XL:     5   Next: 82%
Magic:  5/5        EV: 13    Int:  8    God:    Trog [***...]
Gold:   38         SH:  0    Dex: 10    Spells: 4/4 levels left

rFire   . . .      SeeInvis .   a - +4 quarterstaff (chaos)
rCold   . . .      Faith    .   (shield currently unavailable)
rNeg    . . .      Spirit   .   (body armour unavailable)
rPois   .          Reflect  .   (helmet restricted)
rElec   .          Harm     .   i - +0 cloak
rCorr   .          Rampage  .   (no gloves)
Will    .....      NoTele   +   (no boots)
Stlth   ..........              (no amulet)
HPRegen 0.23/turn               (no ring)
MPRegen 0.09/turn               (no ring)

@: berserking (expiring), very quick
A: AC +5, unfitting armour, cold-blooded
a: Renounce Religion, Berserk, Trog's Hand


You were in the Dungeon.
You worshipped Trog.
Trog was most pleased with you.
You visited 1 branch You collected 38 gold pieces.

Inventory:

Hand Weapons
 a - a +4 quarterstaff of chaos (weapon)
Armour
 i - a +0 cloak (worn)
Scrolls
 g - a scroll of blinking
 j - a scroll of torment {unknown}
 k - a scroll of fog {unknown}
 m - a scroll of immolation {unknown}
 n - a scroll of enchant weapon {unknown}
Potions
 b - a potion of curing
 c - a potion of heal wounds
 d - a potion of haste
 e - 2 potions of magic
 f - a potion of berserk rage
 h - a potion of attraction {unknown}
 l - 3 potions of flight
 o - 5 potions of mutation


   Skills:
 + Level 7.9 Fighting
 + Level 8.0(8.2) Polearms
 + Level 2.1(5.4) Staves
 + Level 6.5 Dodging
 + Level 0.1 Stealth


You had 4 spell levels left.
You didn't know any spells.
Your spell library was empty.

Dungeon Overview and Level Annotations

Branches:
Dungeon (1/1)

Altars:
Dithmenos
Elyvilon
Ru
Yredelemnul
Zin
The Shining One


Innate Abilities, Weirdness & Mutations

Your plain brown scales are hard. (AC +5)
You cannot fit into any form of body armour.
You are cold-blooded and may be slowed by cold attacks.


Message History

There is an open door here.
A red film seems to cover your vision as you go berserk!
You feel yourself moving faster!
You feel mighty!
The deep elf pyromancer casts a spell.
You sock the deep elf pyromancer!
The deep elf pyromancer's magic leaks into the air.
The deep elf pyromancer is heavily wounded.
The deep elf pyromancer casts a spell at you.
The sticky flame hits you!
You are covered in liquid flames!
You barely miss the deep elf pyromancer.
The deep elf pyromancer is heavily wounded.
You are covered in liquid flames!
The fire elemental hits you. The fire elemental burns you!
The deep elf pyromancer barely misses you.
You closely miss the deep elf pyromancer.
The deep elf pyromancer is heavily wounded.
You are covered in liquid flames!
The fire elemental hits you. The fire elemental burns you!
You thump the deep elf pyromancer!
The deep elf pyromancer easily resists.
Your tail-slap misses the deep elf pyromancer.
The deep elf pyromancer is severely wounded.
You are covered in liquid flames!
The fire elemental hits you. The fire elemental burns you!
The deep elf pyromancer hits you with a +2 long sword of holy wrath!
* * * LOW HITPOINT WARNING * * *
You completely miss the deep elf pyromancer.
Your tail-slap misses the deep elf pyromancer.
The deep elf pyromancer is severely wounded.
You are covered in liquid flames!
* * * LOW HITPOINT WARNING * * *
You are no longer on fire.
The fire elemental hits you. The fire elemental burns you!
* * * LOW HITPOINT WARNING * * *
The deep elf pyromancer misses you.
Unknown command.
You hit the deep elf pyromancer. You freeze the deep elf pyromancer.
The deep elf pyromancer is severely wounded.
The fire elemental hits you. The fire elemental burns you!
You die...

▓▓▓▓ ▓▓▓ ...#### ##.#####
#### ......#####..#___#
#__# ...)...#..#..#!e.#
#._#
#.##...#..#..###@#+###)##
#.###..##'#..#...E......#
##.##†.###...'.⌠........#
..##..####...#...######+#
..##.†###....#.⌠.#
.##...##.....#...#
##....#.†.)..#+###
##..##.#.....# #..
####....#


You could see a deep elf pyromancer (magic disrupted) and a fire elemental
(summoned).

Vanquished Creatures
  A necrophage (D)
  A water elemental (D)
  Crazy Yiuf (D)
  Jessica (D)
  A necromancer (D)
  A human (D)
  An endoplasm (D)
  2 rats (D)
9 creatures vanquished.

Notes
Turn   | Place    | Note
-------+----------+-------------------------------------------
     0 | D        | mhtbhm the Draconian Berserker began the quest for the Orb.
     0 | D        | Reached XP level 1. HP: 19/19 MP: 1/1
    23 | D        | Noticed Jessica
    28 | D        | Killed Jessica
    28 | D        | Reached ** piety under Trog
    29 | D        | Reached skill level 4 in Polearms
    29 | D        | Reached XP level 2. HP: 28/28 MP: 2/2
   121 | D        | Reached XP level 3. HP: 35/35 MP: 3/3
   148 | D        | Reached skill level 5 in Fighting
   148 | D        | Reached skill level 5 in Polearms
   189 | D        | Noticed Crazy Yiuf
   195 | D        | Killed Crazy Yiuf
   196 | D        | Reached XP level 4. HP: 44/44 MP: 4/4
   277 | D        | Noticed a water elemental
   282 | D        | Killed a water elemental
   283 | D        | Reached skill level 6 in Polearms
   283 | D        | Reached skill level 1 in Staves
   283 | D        | Reached skill level 5 in Dodging
   373 | D        | Found a basalt altar of Yredelemnul.
   373 | D        | Found a shadowy altar of Dithmenos.
   373 | D        | Found a sacrificial altar of Ru.
   373 | D        | Noticed a necrophage
   374 | D        | Reached *** piety under Trog
   375 | D        | Reached skill level 7 in Polearms
   375 | D        | Reached XP level 5. HP: 52/52 MP: 5/5
   377 | D        | Killed a necrophage
   378 | D        | Reached skill level 8 in Polearms
   407 | D        | Found a glowing silver altar of Zin.
   407 | D        | Found a glowing golden altar of the Shining One.
   407 | D        | Found a white marble altar of Elyvilon.
   408 | D        | Noticed a deep elf pyromancer
   410 | D        | Noticed a fire elemental
   414 | D        | HP: 1/79 [fire elemental[a deep elf pyromancer] (13)]
   415 | D        | Mangled by a fire elemental

Illustrated notes

Levels and vault maps discovered:
D:        dungeon_sprint_mu [sprint_mu_entry_cave, sprint_mu_temple_rooms,
          sprint_mu_d1_horrors, sprint_mu_d2_genie, sprint_mu_d3_branching,
          sprint_mu_orc_legion, sprint_mu_elf_gauntlet, sprint_mu_hive_nellie,
          sprint_mu_lair_fedhas, sprint_mu_vaults_butterflies,
          sprint_mu_slime_circle, sprint_mu_swamp_cave, sprint_mu_snake_twists,
          sprint_mu_blade_basic, sprint_mu_crypt_lich, sprint_mu_tomb_spiral,
          sprint_mu_vestibule_basic, sprint_mu_gehenna_hellfire,
          sprint_mu_dis_giant, sprint_mu_tartarus_statrot,
          sprint_mu_cocytus_islands, sprint_mu_zot1]

Skill      XL: |  1  2  3  4  5 |
---------------+----------------+-----
Dodging        | 4 5 6 |  6.5
Fighting       | 4 5 7 |  7.9
Polearms       | 4 5 7 8 |  8.0
Staves         | 1 2 |  2.1
Stealth        | |  0.1

Action                   |  1- 3 |  4- 6 || total
-------------------------+-------+-------++-------
Melee: Spear             |    28 |       ||    28
       Tailslap          |     1 |     1 ||     2
       Quarterstaff      |       |    13 ||    13
Invok: Berserk           |     3 |     2 ||     5
Armor: Skin              |       |     5 ||     5
Dodge: Dodged            |     7 |     5 ||    12

Table legend: (Time is in decaauts)
 A = Elapsed time spent in this place.
 B = Non-inter-level travel time spent in this place.
 C = Inter-level travel time spent in this place.
 D = Time resting spent in this place.
 E = Time spent auto-exploring this place.
 F = Levels seen in this place.
 G = Mean time per level.
                   A        B        C        D        E       F      G
               +--------+--------+--------+--------+--------+-----+--------+
         Total |    449 |    449 |      0 |    291 |     17 |   1 |  449.0 |
       Dungeon |    449 |    449 |      0 |    291 |     17 |   1 |  449.0 |
               +--------+--------+--------+--------+--------+-----+--------+

Top non-repeatable levels by time:
       D: 449 daAuts
